 Dungeon Crawl Stone Soup version 0.31-a0-165-g3f4f80340b (webtiles) character file.

Game seed: 969875687319371396

241 qw the Shooter (level 6, -1/37 HPs)
             Began as a Gargoyle Hunter on June 13, 2023.
             Slain by Grinder (4 damage)
             ... on level 3 of the Dungeon.
             The game lasted 00:00:42 (1958 turns).

qw the Shooter (Gargoyle Hunter)                    Turns: 1958, Time: 00:00:43

Health: -1/37      AC:  9    Str: 14    XL:     6   Next: 8%
Magic:  6/6        EV: 11    Int: 10    God:
Gold:   98         SH:  0    Dex: 15    Spells: 5/5 levels left

rFire   . . .        Y - +1 shortbow
rCold   . . .        (shield currently unavailable)
rNeg    + . .        f - +0 ring mail
rPois   inf          (no helmet)
rElec   +            (no cloak)
rCorr   .            (no gloves)
SInv    .            (no boots)
Will    .....        (no amulet)
Stlth   +            (no ring)
HPRegen 0.26/turn    (no ring)
MPRegen 0.10/turn

%: no passive effects
@: no status effects
A: sickness immunity, AC +4, negative energy resistance 1, electricity
resistance, torment resistance 1, petrification resistance
a: no special abilities


You were on level 3 of the Dungeon.
You visited 1 branch of the dungeon, and saw 3 of its levels.

You collected 98 gold pieces.


Innate Abilities, Weirdness & Mutations

You are immune to sickness and miasma.
Your stone body is resilient. (AC +4)
You are immune to poison.
You resist negative energy. (rN+)
You are resistant to electric shocks. (rElec)
You are resistant to unholy torment.
You are immune to petrification.


   Skills:
 + Level 3.6 Fighting
 - Level 6.3 Ranged Weapons
 - Level 1.6 Armour
 - Level 1.5 Dodging
 - Level 1.1 Stealth


You had 5 spell levels left.
You didn't know any spells.
Your spell library was empty.

Inventory:

Hand Weapons
 Y - a +1 shortbow (weapon)
Armour
 c - a +3 leather armour
 f - a +0 ring mail (worn)
Scrolls
 a - a scroll of teleportation {unknown}
 d - 4 scrolls of identify
Potions
 b - a potion of curing {unknown}
 e - a potion of haste

Dungeon Overview and Level Annotations

Branches:
Dungeon (3/15)

Altars:

Annotations:
D:3 Grinder


Message History

You shoot an arrow. The arrow completely misses Grinder.
Grinder hits you but does no damage.
Grinder blinks!
You shoot an arrow. The arrow hits Grinder.
Grinder is moderately wounded.
You shoot an arrow.
The arrow hits Grinder but does no damage.
Grinder is moderately wounded.
Grinder gestures at you.
You suddenly lose the ability to move!
Grinder gestures at you.
You shrug off the repeated paralysis!
Grinder says, "Just stop there for a second..."
Grinder blinks!
You can move again.
You shoot an arrow. The arrow closely misses Grinder.
Grinder gestures at you. Pain shoots through your body!
You shoot an arrow. The arrow closely misses Grinder.
You shoot an arrow.
The arrow hits Grinder but does no damage.
Grinder is moderately wounded.
Grinder gestures at you. You resist with significant effort.
Grinder gestures at you. Pain shoots through your body!
You shoot an arrow. The arrow hits Grinder.
Grinder is moderately wounded.
Grinder closely misses you.
Grinder zaps a wand.
The puff of flame hits you but does no damage.
You shoot an arrow. The arrow hits Grinder!
Grinder is heavily wounded.
Grinder gestures at you. Pain shoots through your body!
Grinder blinks!
You shoot an arrow. The arrow hits Grinder!
Grinder is severely wounded.
Grinder blinks!
You shoot an arrow. The arrow hits Grinder.
Grinder is almost dead.
Grinder hits you.
You die...

#.# #..##
#........ #.#
#...###..).....
#.#
####.#...#........
..#
#....###..........
.## #.####
##......... . #.#
#......... #.#
##........ #5#
#........ #@#
#........ #.#
#........ #.#
#........ ..#
##....... ..#
##.....# ##.#
####### ###


You could see Grinder (fast).

Vanquished Creatures
  An ogre (D:3)
  Jessica (D:3)
  Ijyb (D:3)
  4 gnolls
  3 adders (D:2)
  2 dart slugs (D:1)
  An orc (D:3)
  4 bats
  3 endoplasms
  2 giant cockroaches (D:1)
  2 goblins
  2 hobgoblins
  3 kobolds
  2 quokkas
  5 ball pythons
  A frilled lizard (D:1)
  2 rats
39 creatures vanquished.

Notes
Turn   | Place    | Note
-------+----------+-------------------------------------------
     0 | D:1      | qw the Gargoyle Hunter began the quest for the Orb.
     0 | D:1      | Reached XP level 1. HP: 12/12 MP: 1/1
     0 | D:1      | 0 ||| qw: Version: 0.2-a-29-gc1b59c4
     0 | D:1      | 0 ||| qw: Game counter: 4731
     0 | D:1      | 0 ||| qw: Always use a shield: true
     0 | D:1      | 0 ||| qw: God list: Okawaru
     0 | D:1      | 0 ||| qw: Allow faded altars: false
     0 | D:1      | 0 ||| qw: Do Orc after D:15 true
     0 | D:1      | 0 ||| qw: Do second Lair branch before Depths: true
     0 | D:1      | 0 ||| qw: Lair rune preference: random
     0 | D:1      | 0 ||| qw: Plans: Normal, Zot:1-4, Slime:5, God:TSO, Crypt,
                  | Tomb, Abyss, Pan, Hells, Win
     0 | D:1      | 0 ||| PLANNING D:1-11
   122 | D:1      | Reached XP level 2. HP: 17/17 MP: 2/2
   309 | D:1      | Reached XP level 3. HP: 21/21 MP: 3/3
   397 | D:1      | Reached skill level 5 in Ranged Weapons
   482 | D:1      | Found a faded altar of an unknown god.
   635 | D:1      | 635 ||| DROPPING ring of flight.
   636 | D:1      | 636 ||| READING scroll labelled NAFUNKIDWO.
   637 | D:1      | 637 ||| READING scroll labelled RYZOIMEP URUE.
   638 | D:1      | 638 ||| READING scroll labelled ARCHUI ISIH.
   639 | D:1      | 639 ||| DRINKING 2 fuming orange potions.
   640 | D:1      | 640 ||| DROPPING scroll of butterflies.
   641 | D:1      | 641 ||| DROPPING potion of brilliance.
   689 | D:2      | Reached skill level 3 in Fighting
   693 | D:2      | Reached XP level 4. HP: 10/28 MP: 4/4
  1370 | D:2      | 1370 ||| UPGRADING to +0 ring mail.
  1380 | D:2      | 1380 ||| DROPPING +0 leather armour.
  1381 | D:2      | 1381 ||| DROPPING ring of wizardry.
  1382 | D:2      | 1382 ||| READING scroll labelled MELYKA FUBAMY.
  1383 | D:2      | 1383 ||| READING 5 scrolls of identify.
  1383 | D:2      | 1383 ||| IDENTIFYING silvery potion
  1452 | D:3      | Noticed Jessica
  1460 | D:3      | Killed Jessica
  1461 | D:3      | Reached skill level 1 in Armour
  1461 | D:3      | Reached XP level 5. HP: 30/32 MP: 5/5
  1672 | D:3      | Noticed an ogre
  1679 | D:3      | HP: 4/32 [ogre/+0 giant club (7)]
  1682 | D:3      | Killed an ogre
  1683 | D:3      | Reached skill level 6 in Ranged Weapons
  1811 | D:3      | Noticed Ijyb
  1823 | D:3      | Killed Ijyb
  1824 | D:3      | Reached XP level 6. HP: 37/37 MP: 6/6
  1931 | D:3      | Noticed Grinder
  1942 | D:3      | Paralysed by Grinder for 4 turns
  1949 | D:3      | Paralysed by Grinder for 3 turns
  1954 | D:3      | HP: 8/37 [Grinder/nerve-wracking pain (6)]
  1956 | D:3      | HP: 2/37 [Grinder/nerve-wracking pain (6)]
  1958 | D:3      | Slain by Grinder

Levels and vault maps discovered:
D:1:      matt_arrival_refuge, layout_loops_ring,
          ebering_ecumenical_altar_abandoned
D:2:      layout_loops_ring
D:3:      layout_rooms, uniq_jessica, uniq_grinder, uniq_ijyb

Skill      XL: |  1  2  3  4  5 |
---------------+----------------+-----
Ranged Weapons | 5 6 |  6.3
Fighting       | 3 |  3.6
Armour         | 1 |  1.6
Dodging        | |  1.5
Stealth        | |  1.1

Action                     |  1- 3 |  4- 6 || total
---------------------------+-------+-------++-------
   Fire: Shortbow          |    57 |   107 ||   164
    Use: Scroll            |     3 |     2 ||     5
         Potion            |     1 |       ||     1
 Armour: Leather armour    |     3 |    10 ||    13
         Ring mail         |       |    11 ||    11
         Skin              |       |    14 ||    14
  Dodge: Dodged            |    11 |    38 ||    49

Table legend:
 A = Non-vault XP
 B = Vault XP
 C = Vault XP percentage of total XP
 D = Non-vault monster count
 E = Vault monster count
 F = Vault count percentage of total count
                 A         B        C        D         E       F
            +---------+---------+-------+---------+---------+-------
      Total |     272 |      73 |  21.2 |      37 |       2 |   5.1
            +---------+---------+-------+---------+---------+-------
        D:1 |      49 |       0 |   0.0 |      18 |       0 |   0.0
        D:2 |      95 |       0 |   0.0 |      12 |       0 |   0.0
        D:3 |     128 |      73 |  36.3 |       7 |       2 |  22.2
            +---------+---------+-------+---------+---------+-------
